 Dungeon Crawl Stone Soup version 0.20.1-1-g8b1a95d (webtiles) character file.

120384 RudyRod the Carver (level 16, -4/122 HPs)
             Began as a Demonspawn Fighter on June 8, 2017.
             Was the Champion of Okawaru.
             Slain by a shambling mangrove (22 damage)
             ... on level 3 of the Swamp on Sept 9, 2017.
             The game lasted 02:35:34 (29663 turns).

RudyRod the Carver (Demonspawn Fighter)            Turns: 29663, Time: 02:35:36

Health: -4/122     AC: 29    Str: 21    XL:     16   Next: 30%
Magic:  0/16       EV:  6    Int: 17    God:    Okawaru [******]
Gold:   1871       SH: 15    Dex: 14    Spells: 22/27 levels left

rFire    x . .     SeeInvis .   c - +7 scimitar (flame)
rCold    + + +     Gourm    +   Z - +3 shield {AC+3}
rNeg     + . .     Faith    .   e - +2 plate armour {rN+}
rPois    +         Spirit   +   O - +2 helmet "Ygroxkarph" {rElec rPois rC+++ Dex-3}
rElec    +         Reflect  .   B - scarf {Spirit}
rCorr    .         Harm     .   p - +2 pair of gloves {Str+3}
MR       ++...                  (boots unavailable)
Stlth    +.........             M - amulet of the gourmand
Regen    0.3/turn               q - ring of the Last Beggars {Ice MR+ MP-9 Int+4 Stlth+}
MPRegen  0.2/turn               o - ring "Yreb" {*Contam rPois Int+2 Slay+3 Stlth+}

@: grasped by roots, very slow
A: talons 3, molten scales 1, powered by pain 3, shaggy fur 1, spiny 1
a: Heroism, Finesse, Renounce Religion


You were on level 3 of the Swamp.
You worshipped Okawaru.
Okawaru was exalted by your worship.
You were very full.

You visited 5 branches of the dungeon, and saw 27 of its levels.
You also visited: Labyrinth and Ice Cave.

You collected 2257 gold pieces.
You spent 386 gold pieces at shops.

Inventory:

Hand Weapons
 c - a +7 scimitar of flaming (weapon)
 t - a +3 demon blade of draining
 y - a +4 double sword of protection
 S - a +1 long sword of slicing
Armour
 b - the +6 chain mail of Repulsion {MR++ Int+4}
   (Okawaru gifted it to you on level 11 of the Dungeon)

   It affects your intelligence (+4).
   It affects your resistance to hostile enchantments.
 e - a +2 plate armour of positive energy (worn)
 j - a +2 helmet of intelligence
 p - a +2 pair of gloves of strength (worn)
 u - the +0 pair of boots of Insatiable Hunger {rN+ Regen+ SInv, unknown}
   (You found it in an ice cave)

   It protects you from negative energy.
   It lets you see invisible.
   It increases your rate of regeneration.
 B - a scarf of spirit shield (worn)
 D - +0 swamp dragon scales
 K - a +1 pair of gloves of strength
 O - the +2 helmet "Ygroxkarph" (worn) {rElec rPois rC+++ Dex-3}
   (Okawaru gifted it to you on level 6 of the Lair of Beasts)

   It affects your dexterity (-3).
   It renders you almost immune to cold.
   It insulates you from electricity.
   It protects you from poison.
 T - the +2 hat of the Bear Spirit {Spirit, +Rage rN+ MR++}
   (You found it on level 6 of the Lair of Beasts)

   It protects you from negative energy.
   It affects your resistance to hostile enchantments.
   It lets you go berserk.
 Z - a +3 shield of protection (worn)
Jewellery
 o - the ring "Yreb" (right hand) {*Contam rPois Int+2 Slay+3 Stlth+}
   (You took it off a kobold demonologist on level 13 of the Dungeon)

   [ring of stealth]

   It affects your intelligence (+2).
   It affects your accuracy and damage with ranged weapons and melee attacks
   (+3).
   It protects you from poison.
   It causes magical contamination when unequipped.
   It makes you more stealthy.
 q - the ring of the Last Beggars (left hand) {Ice MR+ MP-9 Int+4 Stlth+}
   (You found it on level 1 of the Lair of Beasts)

   [ring of ice]

   It enhances your ice magic.
   It affects your intelligence (+4).
   It makes you vulnerable to fire.
   It protects you from cold.
   It affects your resistance to hostile enchantments.
   It affects your magic capacity (-9).
   It makes you more stealthy.
 w - an uncursed ring of ice {unknown}
 M - an amulet of the gourmand (around neck)
 P - an uncursed amulet of harm
Wands
 H - a wand of acid (8/15)
 I - a wand of digging (14/24)
 Y - a wand of lightning (7/15)
Scrolls
 a - 3 scrolls of acquirement
 g - a scroll of summoning
 k - 6 scrolls of fear
 n - 9 scrolls of magic mapping
 r - a scroll of enchant weapon
 s - 5 scrolls of amnesia
 v - 11 scrolls of remove curse
 x - 10 scrolls of identify
 E - a scroll of teleportation
 N - 5 scrolls of blinking
 R - 6 scrolls of enchant armour
 V - 6 scrolls of fog
Potions
 d - 4 potions of flight
 h - 5 potions of curing
 l - a potion of haste
 A - a potion of magic
 C - 3 potions of resistance
 F - 2 potions of berserk rage
 G - a potion of invisibility
 L - a potion of might
 Q - 5 potions of cancellation
 W - 3 potions of brilliance
 X - 2 potions of agility
Books
 J - a book of Conjurations

   Spells                             Type                      Level
   a - Magic Dart                     Conjuration                  1
   b - Searing Ray                    Conjuration                  2
   c - Dazzling Spray                 Conjuration/Hexes            3
   d - Fulminant Prism                Conjuration/Hexes            4
   e - Force Lance                    Conjuration/Translocation    4
   f - Iskenderun's Mystic Blast      Conjuration                  4
Comestibles
 f - 11 bread rations
 i - 14 fruits
 m - 12 meat rations
 z - 13 royal jellies


   Skills:
 + Level 9.9 Fighting
 + Level 14.1 Long Blades
 + Level 9.2 Armour
 + Level 7.2 Dodging
 + Level 7.4 Stealth
 + Level 10.8 Shields
 + Level 6.4 Spellcasting
 + Level 6.1 Charms
 + Level 7.3 Necromancy
 + Level 6.7 Invocations
 * Level 9.1 Evocations


You had 22 spell levels left.
You knew the following spells:

 Your Spells              Type           Power        Failure   Level  Hunger
a - Regeneration          Chrm/Necr      ####......   52%         3    ##.....
b - Swiftness             Chrm/Air       ###.....     82%         2    None


Dungeon Overview and Level Annotations

Branches:
Dungeon (15/15)            Temple (1/1) D:6            Lair (6/6) D:10
  Swamp (3/4) Lair:4        Snake (0/4) Lair:2        Slime (0/5) Lair:6
    Orc (2/2) D:12            Elf (0/3) Orc:2        Vaults (0/5) D:14
 Depths (0/5) D:15

Altars:
Ashenzari
Cheibriados
Elyvilon
Fedhas
Kikubaaqudgha
Makhleb
Okawaru
Ru
Trog
Uskayaw
Vehumet
Xom
Yredelemnul
Zin
Jiyva

Shops:
D:5 %   D:10 *   D:12 }![[   Orc:2 (*[=


Innate Abilities, Weirdness & Mutations

You have claws for feet.
You are partially covered in molten scales. (AC +2)
You are powered by pain.
You are partially covered in sharp spines.
You are covered in fur. (AC +1)


Message History

You riposte.
You hit the hornet. You burn the hornet. You claw the hornet.
The hornet is severely wounded.
The hornet stings you but does no damage.
The hornet is struck by your spines.
The hornet stings you but does no damage.
You block the shambling mangrove's attack.
The hornet is struck by your spines. The hornet barely misses you.
The hornet stings you but does no damage.
You slash the shambling mangrove! You burn the shambling mangrove.
You claw the shambling mangrove, but do no damage.
The shambling mangrove is almost destroyed.
The hornet is struck by your spines. The hornet stings you.
* * * LOW HITPOINT WARNING * * *
You block the hornet's attack. x2
The hornet stings you but does no damage.
The hornet is struck by your spines.
You kill the hornet!
Okawaru accepts your kill. The shambling mangrove hits you!!
You die...

♣♣.≈≈≈≈≈≈≈≈≈≈ ♣
♣.≈≈≈≈≈≈≈≈≈ .
♣.≈≈≈≈≈≈..
♣.≈≈≈≈.♣♣≈
♣♣♣...≈≈.♣ ♣.
♣≈..†....♣♣
♣..≈♣♣..≈§.....♣
...≈≈≈≈y†y≈.≈≈≈♣
§..≈≈≈≈y@f≈..≈≈.♣
....≈≈≈..♣≈.≈≈≈≈..
.....≈...♣♣≈≈≈≈≈...
≈≈<♣♣≈...♣≈.≈≈≈≈≈≈≈
≈≈ ♣♣♣.....≈≈≈§≈≈≈
≈ ♣♣♣≈ ≈..≈≈≈≈ ♣♣ .


You could see a shambling mangrove and 3 hornets.

Vanquished Creatures
  An Ice Fiend (IceCv)
  3 thorn hunters
  Gastronok (Lair:2)
  An orc warlord (Orc:2)
  Azrael (D:14)
  A minotaur (Lab)
  3 fire dragons
  Harold (Lair:2)
  A yaktaur captain (D:15)
  10 hydras
  The ghost of vatarom the Nimble, a journeyman VSAs of Uskayaw (Lair:1)
  An ice dragon (Swamp:1)
  5 centaur warriors
  A catoblepas (Lair:6)
  An ogre mage (D:15)
  3 alligators
  4 death yaks (Lair:6)
  4 tengu warriors
  9 two-headed ogres
  4 orc high priests
  A deep troll shaman (Lair:6)
  The ghost of 100P the Chiller, a novice TeIE of Okawaru (D:10)
  Nergalle (Lair:2)
  The ghost of dscm the Sneak, a novice OpEE of Uskayaw (D:8)
  A spriggan druid (Swamp:1)
  A deep troll (D:15)
  An obsidian statue (D:13)
  5 swamp dragons
  3 shambling mangroves
  Pikel (D:5)
  5 orc knights
  2 orc sorcerers (Orc:2)
  An oklob plant (Lair:1)
  2 manticores
  4 deep elf magi
  2 cyclopes (D:14)
  3 elephants (Lair:6)
  3 ugly things
  Joseph (D:8)
  A black mamba (Lair:4)
  3 ice statues (IceCv)
  2 gargoyles
  13 spiny frogs
  2 rime drakes
  A yaktaur (D:15)
  6 kobold demonologists
  6 centaur skeletons
  A freezing wraith (D:14)
  A golden dragon simulacrum (IceCv)
  7 ice devils (IceCv)
  A tengu conjurer (D:14)
  2 anaconda simulacra (IceCv)
  4 komodo dragons
  9 trolls
  10 hippogriffs
  16 hornets
  3 polar bears
  5 tyrant leeches
  4 bog bodies
  19 blink frogs
  18 slime creatures
  Sigmund (D:6)
  A shadow (Swamp:2)
  6 spriggans
  3 wraiths
  2 wyverns
  Eustachio (D:4)
  4 fire elementals (D:14)
  25 yaks
  4 hogs (D:8)
  A human (D:8)
  5 basilisks
  2 hungry ghosts
  A steam dragon (D:8)
  19 vampire mosquitoes
  3 wargs
  12 swamp worms
  2 acid dragons (D:11)
  4 insubstantial wisps (Swamp:1)
  An iron troll simulacrum (IceCv)
  A soldier ant (D:13)
  3 hell hounds (D:14)
  4 hydra simulacra (IceCv)
  3 porcupines
  12 water moccasins
  30 orc warriors
  5 swamp drakes
  2 ice beasts
  3 black bears
  2 ettin simulacra (IceCv)
  A hornet zombie (D:13)
  A sky beast (D:14)
  4 ogres
  2 phantoms
  2 eyes of draining
  25 wolves
  20 centaurs
  11 crocodiles
  14 big kobolds
  9 bullfrogs
  A wyvern zombie (D:13)
  A gnoll sergeant (D:10)
  15 killer bees
  A scorpion (D:4)
  6 wights
  An electric eel (Lair:2)
  2 vampire bats (D:11)
  4 howler monkeys
  7 crimson imps
  3 bullfrog zombies
  4 centaur zombies
  5 lava snakes (D:14)
  2 quasits
  3 bullfrog skeletons
  5 hounds
  14 orc priests
  5 iguanas
  2 iron imps (D:13)
  Crazy Yiuf (D:2)
  20 orc wizards
  Terence (D:2)
  9 worker ants
  A hound zombie (D:10)
  2 worker ant zombies
  6 adders
  A howler monkey skeleton (D:4)
  11 gnolls
  5 shadow imps
  An ufetubus (D:13)
  An ooze (D:2)
  An adder skeleton (D:3)
  A worm (D:2)
  2 dart slugs (D:3)
  6 leopard geckos
  72 orcs
  11 bats
  8 giant cockroaches
  6 goblins
  6 hobgoblins
  6 jackals
  36 kobolds
  5 quokkas
  A ball python (D:1)
  5 frilled lizards
  A leopard gecko zombie (D:6)
  A quokka zombie (D:10)
  13 rats
  4 briar patches
  A fire vortex (D:14)
  A fungus (Lair:6)
  A plant (Lair:1)
808 creatures vanquished.

Vanquished Creatures (others)
  A vampire mosquito (D:14)
  An orc wizard (D:10)
  A briar patch (Swamp:3)
  4 bushes (D:13)
  9 fungi
  5 plants
21 creatures vanquished.

Grand Total: 829 creatures vanquished

Notes
Turn   | Place    | Note
-------+----------+-------------------------------------------
     0 | D:1      | RudyRod the Demonspawn Fighter began the quest for the Orb.
     0 | D:1      | Reached XP level 1. HP: 18/18 MP: 1/1
   240 | D:1      | Gained mutation: You have sharp toenails. [demonic ancestry]
   240 | D:1      | Reached XP level 2. HP: 22/24 MP: 2/2
   595 | D:2      | Reached skill level 2 in Long Blades
   851 | D:2      | Noticed Terence
   857 | D:2      | Killed Terence
   857 | D:2      | Reached skill level 1 in Stealth
   857 | D:2      | Reached XP level 3. HP: 29/29 MP: 3/3
  1169 | D:2      | Found a runed door.
  1173 | D:2      | Noticed Crazy Yiuf
  1190 | D:2      | Killed Crazy Yiuf
  1190 | D:2      | Gained mutation: You are partially covered in molten scales. (AC +2) [demonic ancestry]
  1190 | D:2      | Reached XP level 4. HP: 23/35 MP: 2/4
  1683 | D:3      | Reached skill level 1 in Dodging
  2002 | D:3      | Found a faded altar of an unknown god.
  2039 | D:3      | Gained mutation: You sometimes gain a little power by taking damage. [demonic ancestry]
  2039 | D:3      | Reached XP level 5. HP: 40/41 MP: 5/5
  2154 | D:3      | Found a shimmering altar of Xom.
  2156 | D:3      | Found a shimmering altar of Xom.
  2191 | D:3      | Reached skill level 3 in Long Blades
  2667 | D:4      | Gained mutation: You have razor-sharp toenails. [demonic ancestry]
  2667 | D:4      | Reached XP level 6. HP: 41/47 MP: 4/6
  2711 | D:4      | Noticed Eustachio
  2725 | D:4      | Killed Eustachio
  2797 | D:4      | Reached skill level 4 in Long Blades
  2854 | D:4      | Found an ancient bone altar of Kikubaaqudgha.
  2855 | D:4      | Found a glowing silver altar of Zin.
  3089 | D:5      | Entered Level 5 of the Dungeon
  3104 | D:5      | Found a shimmering altar of Xom.
  3124 | D:5      | Got a shimmering chain mail
  3135 | D:5      | Identified the cursed +0 chain mail of Proximity {-Tele +Inv Slay+2} (You found it on level 5 of the Dungeon)
  3271 | D:5      | Found a white marble altar of Elyvilon.
  3314 | D:5      | Reached XP level 7. HP: 49/52 MP: 7/7
  3318 | D:5      | Found Emax's Food Shoppe.
  3623 | D:6      | Noticed Pikel
  3645 | D:5      | Killed Pikel
  3645 | D:5      | Gained mutation: You are partially covered in sharp spines. [demonic ancestry]
  3645 | D:5      | Reached XP level 8. HP: 34/60 MP: 3/8
  3718 | D:6      | Reached skill level 5 in Long Blades
  3736 | D:6      | Noticed Sigmund
  3757 | D:6      | Killed Sigmund
  3798 | D:6      | Found a staircase to the Ecumenical Temple.
  3822 | Temple   | Entered the Ecumenical Temple
  3861 | Temple   | Became a worshipper of Warmaster Okawaru
  4208 | D:7      | Reached skill level 6 in Long Blades
  4213 | D:7      | Reached * piety under Okawaru
  4510 | D:7      | Noticed a hippogriff
  4521 | D:7      | Killed a hippogriff
  4521 | D:7      | Reached skill level 5 in Fighting
  4521 | D:7      | Reached skill level 5 in Stealth
  4521 | D:7      | Reached XP level 9. HP: 54/68 MP: 4/9
  4895 | D:7      | Found a snail-covered altar of Cheibriados.
  5109 | D:7      | Reached skill level 5 in Armour
  5340 | D:8      | Found a radiant altar of Vehumet.
  5675 | D:8      | Noticed dscm's ghost (novice OpEE)
  5693 | D:8      | Reached ** piety under Okawaru
  5693 | D:8      | Reached skill level 5 in Shields
  5802 | D:8      | Killed dscm's ghost
  5802 | D:8      | Reached skill level 7 in Long Blades
  5943 | D:8      | Reached *** piety under Okawaru
  6294 | D:8      | Noticed Joseph
  6308 | D:8      | Killed Joseph
  6308 | D:8      | Reached skill level 5 in Dodging
  6308 | D:8      | Gained mutation: You sometimes gain power by taking damage. [demonic ancestry]
  6308 | D:8      | Reached XP level 10. HP: 39/74 MP: 5/10
  6485 | D:8      | Noticed a two-headed ogre
  6495 | D:8      | Killed a two-headed ogre
  6661 | D:8      | Found a sacrificial altar of Ru.
  6749 | D:8      | Reached **** piety under Okawaru
  6792 | D:7      | Reached skill level 8 in Long Blades
  7333 | D:9      | Reached skill level 1 in Invocations
  7340 | D:9      | Reached ***** piety under Okawaru
  7917 | D:9      | Noticed a two-headed ogre
  7935 | D:9      | Killed a two-headed ogre
  7945 | D:9      | Reached XP level 11. HP: 41/81 MP: 11/13
  8128 | D:9      | Noticed a five-headed hydra
  8480 | D:10     | Entered Level 10 of the Dungeon
  8782 | D:10     | Noticed 100P's ghost (novice TeIE)
  8860 | D:10     | Reached skill level 9 in Long Blades
  8893 | D:10     | Noticed a two-headed ogre
  8917 | D:10     | Killed a two-headed ogre
  9243 | D:10     | Killed 100P's ghost
  9497 | D:10     | Found Gumael's Assorted Antiques.
  9585 | D:10     | Found a staircase to the Lair.
  9606 | D:10     | Received a gift from Okawaru
  9611 | D:10     | HP: 1/83 [orc warrior/halberd (6)]
 10252 | D:10     | Learned a level 3 spell: Regeneration
 10277 | D:10     | Noticed a two-headed ogre
 10288 | D:10     | Killed a two-headed ogre
 10288 | D:10     | Reached skill level 5 in Invocations
 10826 | D:11     | Found a labyrinth entrance.
 10835 | D:11     | Reached skill level 1 in Necromancy
 10849 | Lab      | Entered a labyrinth
 11376 | Lab      | Noticed a minotaur
 11401 | Lab      | Killed a minotaur
 11401 | Lab      | Reached skill level 1 in Spellcasting
 11401 | Lab      | Reached skill level 1 in Charms
 11404 | Lab      | Got a fine dagger {pain}
 11409 | Lab      | Identified Nomo's Incunabulum of Heat and Confrontation
 11670 | D:11     | Identified the +7 dagger of Osal {pain, Str+7} (You took it off a minotaur in a labyrinth)
 12039 | D:11     | Noticed a purple ugly thing
 12056 | D:11     | Killed a purple ugly thing
 12502 | D:11     | Noticed a cyan ugly thing
 12512 | D:11     | Killed a cyan ugly thing
 12614 | D:11     | Gained mutation: You are powered by pain. [demonic ancestry]
 12614 | D:11     | Reached XP level 12. HP: 84/91 MP: 14/16
 12948 | D:12     | Found Geass's Gadget Shoppe.
 12989 | D:11     | Reached skill level 10 in Long Blades
 13080 | D:12     | Found a blossoming altar of Fedhas.
 13102 | D:12     | Found Mioker's Distillery.
 13208 | D:12     | Found Pepnistrant's Antique Armour Emporium.
 13208 | D:12     | Found Ytuhoe's Antique Armour Shop.
 13237 | D:12     | Bought a pair of distressingly furry boots for 266 gold pieces
 13247 | D:12     | Identified the +0 pair of boots "Tuwimiem" {Int+3 Stlth+} (You bought it in a shop on level 12 of the Dungeon)
 13338 | D:12     | Got a crystal dagger
 13339 | D:12     | Identified the +1 dagger of Bisecol {holy, rF+ Dex+4} (You found it on level 12 of the Dungeon)
 13646 | D:12     | Found a staircase to the Orcish Mines.
 13852 | D:12     | Reached skill level 1 in Evocations
 13865 | D:12     | Noticed a two-headed ogre
 13909 | D:12     | Killed a two-headed ogre
 14087 | D:12     | Bought a potion of mutation for 120 gold pieces
 14087 | D:12     | Gained mutation: Your spells are a little easier to cast, but a little less powerful. [potion of mutation]
 14087 | D:12     | Gained mutation: You are dopey. (Int -2) [potion of mutation]
 14087 | D:12     | Gained mutation: You passively map a small area around you. [potion of mutation]
 14235 | D:11     | Received a gift from Okawaru
 14248 | D:11     | Got a smoking chain mail {god gift}
 14259 | D:11     | Identified the +6 chain mail of Repulsion {MR++ Int+4} (Okawaru gifted it to you on level 11 of the Dungeon)
 14670 | D:13     | Noticed a centaur warrior
 14714 | D:13     | Killed a centaur warrior
 14714 | D:13     | Reached skill level 5 in Necromancy
 15267 | D:13     | Got a twitching bone ring
 15524 | D:14     | Noticed a tengu warrior
 15545 | D:14     | Killed a tengu warrior
 15548 | D:14     | Reached XP level 13. HP: 65/97 MP: 18/18
 16028 | D:14     | Reached skill level 11 in Long Blades
 16096 | D:14     | Noticed Azrael
 16136 | D:14     | Killed Azrael
 16335 | D:14     | Noticed a fire dragon
 16352 | D:14     | Killed a fire dragon
 16369 | D:14     | Found a gate to the Vaults.
 16542 | D:14     | Received a gift from Okawaru
 17120 | D:15     | Entered Level 15 of the Dungeon
 17413 | D:15     | Reached skill level 5 in Spellcasting
 17631 | D:15     | Reached skill level 5 in Charms
 17677 | D:15     | Learned a level 2 spell: Swiftness
 17775 | D:15     | Reached XP level 14. HP: 105/105 MP: 12/22
 17816 | D:15     | Found a staircase to the Depths.
 17877 | D:15     | Received a gift from Okawaru
 17896 | D:15     | Reached skill level 5 in Evocations
 18326 | Lair:1   | Entered Level 1 of the Lair of Beasts
 18380 | Lair:1   | Noticed vatarom's ghost (journeyman VSAs)
 18393 | Lair:1   | Killed vatarom's ghost
 18393 | Lair:1   | Reached skill level 12 in Long Blades
 18500 | Lair:1   | Got a clouded copper ring
 19737 | Lair:1   | Upgraded the game from 0.20.0-14-g326068f to 0.20.1-1-g8b1a95d
 19982 | Lair:2   | Noticed Harold
 19999 | Lair:2   | Killed Harold
 20075 | Lair:2   | Found a staircase to the Snake Pit.
 20177 | Lair:2   | Noticed Nergalle
 20196 | Lair:2   | Killed Nergalle
 20220 | Lair:2   | Noticed Gastronok
 20238 | Lair:2   | Killed Gastronok
 20460 | Lair:2   | Lost mutation: You are dopey. (Int -2) [potion of mutation]
 20460 | Lair:2   | Lost mutation: Your spells are a little easier to cast, but a little less powerful. [potion of mutation]
 20460 | Lair:2   | Lost mutation: You passively map a small area around you. [potion of mutation]
 20460 | Lair:2   | Gained mutation: Your system is resistant to poisons. (rPois) [potion of mutation]
 20460 | Lair:2   | Gained mutation: Your muscles are strong. (Str +2) [potion of mutation]
 20461 | Lair:2   | Lost mutation: Your muscles are strong. (Str +2) [potion of mutation]
 20461 | Lair:2   | Lost mutation: Your system is resistant to poisons. (rPois) [potion of mutation]
 20461 | Lair:2   | Gained mutation: You are covered in fur. (AC +1) [potion of mutation]
 20461 | Lair:2   | Gained mutation: You evolve. [potion of mutation]
 20461 | Lair:2   | Gained mutation: You have claws for feet. [potion of mutation]
 20829 | Lair:2   | Identified the ring "Yreb" {*Contam rPois Int+2 Slay+3 Stlth+} (You took it off a kobold demonologist on level 13 of the Dungeon)
 20831 | Lair:2   | Identified the ring of the Last Beggars {Ice MR+ MP-9 Int+4 Stlth+} (You found it on level 1 of the Lair of Beasts)
 21742 | Lair:4   | Found a staircase to the Swamp.
 22340 | Lair:5   | Got a crude ring mail
 22351 | Lair:5   | Identified the +1 ring mail of Dishonesty {Str-4 Int+3 Stlth+} (You found it on level 5 of the Lair of Beasts)
 22560 | Lair:5   | Lost mutation: You evolve. [evolution]
 23053 | Lair:6   | Entered Level 6 of the Lair of Beasts
 23219 | Lair:6   | Found a viscous altar of Jiyva.
 23220 | Lair:6   | Found a staircase to the Slime Pits.
 23255 | Lair:6   | Reached ****** piety under Okawaru
 23579 | Lair:6   | Received a gift from Okawaru
 23580 | Lair:6   | Got a jewelled helmet {god gift}
 23591 | Lair:6   | Identified the +2 helmet "Ygroxkarph" {rElec rPois rC+++ Dex-3} (Okawaru gifted it to you on level 6 of the Lair of Beasts)
 23756 | Lair:6   | Identified 3 scrolls of acquirement
 23950 | Lair:6   | Mutation became permanent: You have razor-sharp toenails. [demonic ancestry]
 23950 | Lair:6   | Gained mutation: You have claws for feet. [demonic ancestry]
 23950 | Lair:6   | Reached XP level 15. HP: 89/112 MP: 13/24
 24297 | Orc:1    | Entered Level 1 of the Orcish Mines
 24515 | Orc:2    | Entered Level 2 of the Orcish Mines
 24866 | Orc:2    | Found Lijo's General Store.
 24965 | Orc:2    | Found Jaud's Antique Weapon Shop.
 25221 | Orc:2    | Found a staircase to the Elven Halls.
 25259 | Orc:2    | Noticed an orc warlord
 25260 | Orc:2    | Found Sophuchi's Jewellery Emporium.
 25267 | Orc:2    | Reached skill level 13 in Long Blades
 25334 | Orc:2    | Killed an orc warlord
 25413 | Orc:2    | Found Vuikh's Antique Armour Boutique.
 26015 | Swamp:1  | Entered Level 1 of the Swamp
 26163 | Swamp:1  | Found a frozen archway.
 26181 | IceCv    | Entered an ice cave
 26517 | IceCv    | Noticed an Ice Fiend
 26526 | IceCv    | Killed an Ice Fiend
 26573 | IceCv    | Got a pair of distressingly furry boots
 26710 | Swamp:1  | Received a gift from Okawaru
 27249 | Swamp:2  | Reached skill level 10 in Shields
 27406 | Swamp:2  | Noticed a thorn hunter
 27419 | Swamp:2  | Killed a thorn hunter
 27455 | Swamp:2  | Received a gift from Okawaru
 27863 | Swamp:2  | Noticed a thorn hunter
 27892 | Swamp:1  | Killed a thorn hunter
 27892 | Swamp:1  | Reached skill level 14 in Long Blades
 27892 | Swamp:1  | Reached XP level 16. HP: 36/121 MP: 4/25
 29156 | Swamp:3  | Received a gift from Okawaru
 29311 | Swamp:3  | Noticed a thorn hunter
 29558 | Swamp:3  | Killed a thorn hunter
 29663 | Swamp:3  | Slain by a shambling mangrove

Skill      XL: |  1  2  3  4  5  6  7  8  9 10 11 12 13 14 15 16 |
---------------+-------------------------------------------------+-----
Shields        | 3 4 5 6 7 8 9 10 | 10.8
Long Blades    | 2 3 4 6 7 8 9 10 11 12 14 | 14.1
Stealth        | 1 2 3 4 5 6 7 |  7.4
Dodging        | 1 2 3 5 6 7 |  7.2
Armour         | 3 4 5 6 7 8 9 |  9.2
Fighting       | 4 5 6 7 8 9 |  9.9
Invocations    | 2 5 6 |  6.7
Necromancy     | 2 5 6 7 |  7.3
Spellcasting   | 2 3 5 6 |  6.4
Charms         | 2 3 5 6 |  6.1
Evocations     | 3 4 6 8 9 |  9.1

Action                   |  1- 3 |  4- 6 |  7- 9 | 10-12 | 13-15 | 16-18 || total
-------------------------+-------+-------+-------+-------+-------+-------++-------
Melee: Long sword        |   104 |   267 |   259 |   407 |       |       ||  1037
       Demon blade       |       |       |       |   627 |   653 |       ||  1280
       Scimitar          |       |       |       |       |   755 |   172 ||   927
       Kick              |       |       |       |       |   299 |    67 ||   366
       Double sword      |       |       |       |       |    16 |       ||    16
Invok: Heroism           |       |       |     1 |    16 |     9 |     1 ||    27
       Finesse           |       |       |       |     2 |     4 |     1 ||     7
Evoke: Wand              |       |       |       |       |     1 |       ||     1
  Use: Potion            |     1 |     1 |     5 |    11 |     6 |     3 ||    27
       Scroll            |       |     2 |       |    24 |    17 |     3 ||    46
 Stab: Sleeping          |       |       |     1 |     2 |    12 |       ||    15
       Distracted        |       |       |       |     1 |     1 |       ||     2
  Eat: Chunk             |     1 |     6 |     3 |    20 |    43 |     6 ||    79
       Meat ration       |       |     1 |       |     2 |       |       ||     3
       Bread ration      |       |       |     1 |     4 |     1 |       ||     6
       Royal jelly       |       |       |     1 |       |       |       ||     1
Armor: Scale mail        |    60 |   145 |   106 |   116 |       |       ||   427
       Plate armour      |       |       |       |   219 |   106 |    88 ||   413
       Chain mail        |       |       |       |    92 |   390 |       ||   482
Dodge: Dodged            |    30 |    85 |   104 |   281 |   329 |    42 ||   871
Block: Shield            |    60 |   127 |   142 |   552 |   739 |   148 ||  1768
       Rpst.: Long sword |     5 |    31 |    36 |    35 |       |       ||   107
       Demon blade       |       |       |       |    32 |    29 |       ||    61
       Scimitar          |       |       |       |       |    44 |    10 ||    54
